 Dungeon Crawl Stone Soup version 0.22.0-60-ga52c2fcf6e (webtiles) character file.

264 MaCx the Skirmisher (level 6, -13/57 HPs)
             Began as a Hill Orc Fighter on Sept 11, 2018.
             Mangled by an ogre
             ... wielding a +0 giant spiked club
              (17 damage)
             ... on level 4 of the Dungeon.
             The game lasted 00:09:38 (4590 turns).

MaCx the Skirmisher (Hill Orc Fighter)              Turns: 4590, Time: 00:09:39

Health: -13/57     AC:  2    Str: 20    XL:     6   Next: 19%
Magic:  6/6        EV:  9    Int:  8    God:
Gold:   149        SH:  9    Dex: 11    Spells: 5/5 levels left

rFire    . . .     SeeInvis .   l - -1 war axe (curse)
rCold    . . .     Gourm    .   c - +0 shield
rNeg     . . .     Faith    .   q - -2 animal skin (curse)
rPois    .         Spirit   .   s - +1 helmet
rElec    .         Reflect  .   (no cloak)
rCorr    .         Harm     .   (no gloves)
MR       .....                  (no boots)
Stlth    +.........             (no amulet)
HPRegen  0.19/turn              (no ring)
MPRegen  0.10/turn              (no ring)

@: no status effects
A: no striking features
a: no special abilities


You were on level 4 of the Dungeon.
You were hungry.

You visited 1 branch of the dungeon, and saw 4 of its levels.

You collected 149 gold pieces.

Inventory:

Hand Weapons
 a - a +1 war axe
 l - a cursed -1 war axe (weapon)
Armour
 b - a +0 scale mail
 c - a +0 shield (worn)
 q - a cursed -2 animal skin (worn)
 s - a +1 helmet (worn)
Jewellery
 k - a cursed ring of teleportation
Wands
 p - a wand of random effects (17)
Scrolls
 h - 6 scrolls of identify
 r - 2 scrolls of fear
Potions
 d - a potion of might
 e - a potion of berserk rage
 g - a potion of mutation {unknown}
 i - a potion of haste {unknown}
 o - 2 potions of curing {unknown}
Comestibles
 f - 5 rations


   Skills:
 + Level 6.2 Fighting
 + Level 6.1 Axes
 - Level 3.3 Armour
 - Level 3.3 Shields


You had 5 spell levels left.
You didn't know any spells.
Your spell library was empty.

Dungeon Overview and Level Annotations

Branches:
Dungeon (4/15)
 Temple: D:4-7

Altars:
Fedhas
Nemelex Xobeh

Shops:
D:4 }

Annotations:
D:3 Sigmund
D:4 Dowan, Duvessa


Message History

Evoke which item? (* to show all) (? for menu, Esc to quit)
Aiming: Random Effects
Press: ? - help, Shift-Dir - straight line, f/p - ogre
Aim: an ogre, wielding a giant spiked club (moderately wounded)
The ogre seems to speed up.
The ogre barely misses you.
The ogre hits you with a giant spiked club!
There is an entrance to Inkevot's Gadget Shop here.
The ogre hits you with a giant spiked club.
* * * LOW HITPOINT WARNING * * *
Unknown command.
Evoke which item? (* to show all) (? for menu, Esc to quit)
Aiming: Random Effects
Press: ? - help, Shift-Dir - straight line, f/p - ogre
Aim: an ogre, wielding a giant spiked club (moderately wounded, fast)
The fireball explodes!
The fireball engulfs the ogre.
The ogre is severely wounded.
The fireball engulfs you!
* * * LOW HITPOINT WARNING * * *
The ogre hits you with a giant spiked club!
You die...

#[.# #..# #$.# #..#
#..# #..# #<.#
##.##################
#...........@∩.∩...#
#############O..##.#
#∩.∩##.# ##.###.#
#.....# #####.# #.#
#.# #.#


You could see an ogre.

Vanquished Creatures
  A bullfrog (D:2)
  Jessica (D:3)
  Ijyb (D:3)
  A worker ant (D:4)
  Robin (D:2)
  4 adders
  A worm (D:2)
  A dart slug (D:1)
  4 leopard geckos
  An orc (D:3)
  A ball python (D:1)
  A giant cockroach (D:2)
  12 hobgoblins
  2 jackals (D:2)
  A quokka (D:3)
  4 bats
  6 frilled lizards
  15 goblins
  6 kobolds
  7 rats
  A plant (D:1)
72 creatures vanquished.

Notes
Turn   | Place    | Note
-------+----------+-------------------------------------------
     0 | D:1      | MaCx the Hill Orc Fighter began the quest for the Orb.
     0 | D:1      | Reached XP level 1. HP: 19/19 MP: 1/1
   422 | D:1      | Reached XP level 2. HP: 27/27 MP: 2/2
  1163 | D:2      | Reached XP level 3. HP: 31/33 MP: 3/3
  1281 | D:2      | Found a blossoming altar of Fedhas.
  1331 | D:2      | Reached XP level 4. HP: 8/41 MP: 4/4
  1687 | D:2      | Noticed a bullfrog
  1698 | D:2      | Killed a bullfrog
  1698 | D:2      | Reached skill level 5 in Fighting
  1698 | D:2      | Reached skill level 5 in Axes
  1698 | D:2      | Reached XP level 5. HP: 24/48 MP: 5/5
  2433 | D:2      | Found a sparkling altar of Nemelex Xobeh.
  2631 | D:3      | Noticed Jessica
  2645 | D:3      | Killed Jessica
  3027 | D:3      | Noticed Ijyb
  3046 | D:3      | Killed Ijyb
  3227 | D:3      | Noticed Robin
  3450 | D:2      | Killed Robin
  3450 | D:2      | Reached XP level 6. HP: 39/57 MP: 6/6
  3670 | D:4      | Noticed Duvessa
  3670 | D:4      | Noticed Dowan
  4188 | D:3      | Noticed Sigmund
  4542 | D:4      | Found Inkevot's Gadget Shop.
  4590 | D:4      | Mangled by an ogre

Skill      XL: |  1  2  3  4  5  6 |
---------------+-------------------+-----
Axes           | 3 4 5 6 |  6.1
Fighting       | 4 5 6 |  6.2
Armour         | |  3.3
Shields        | |  3.3

Action                   |  1- 3 |  4- 6 || total
-------------------------+-------+-------++-------
Melee: War axe           |    97 |   177 ||   274
Evoke: Wand              |       |     4 ||     4
  Use: Scroll            |       |    10 ||    10
  Eat: Chunk             |     1 |    10 ||    11
Armor: Scale mail        |    46 |    50 ||    96
       Animal skin       |       |     3 ||     3
Dodge: Dodged            |    35 |    62 ||    97
Block: Shield            |    45 |    81 ||   126
